 Dungeon Crawl Stone Soup version 0.27.0-1-g7a089689b8 (webtiles) character file.

Game seed: 8583433946489431164

0 mainiacjoe the Skirmisher (level 1, 0/11 HPs)
             Began as a Vine Stalker Abyssal Knight on Aug 12, 2021.
             Was a Follower of Lugonu.
             Slain by a quokka (3 damage)
             ... on level 1 of the Dungeon.
             The game lasted 00:00:25 (53 turns).

mainiacjoe the Skirmisher (VSAK)                      Turns: 53, Time: 00:00:26

Health: 0/11       AC:  3    Str: 14    XL:     1   Next: 0%
Magic:  0/3        EV: 11    Int: 12    God:    Lugonu [*.....]
Gold:   0          SH:  0    Dex: 13    Spells: 0/0 levels left

rFire    . . .     SeeInvis .   a - +1 short sword
rCold    . . .     Faith    .   (no shield)
rNeg     . . .     Spirit   +   b - +0 leather armour
rPois    .         Reflect  .   (no helmet)
rElec    .         Harm     .   (no cloak)
rCorr    .         Rampage  .   (no gloves)
Will     .....                  (no boots)
Stlth    +.........             (no amulet)
HPRegen  0.03/turn              (no ring)
MPRegen  0.08/turn              (no ring)

@: no status effects
A: fangs 2, magic shield, antimagic bite, no potion heal 2
a: Renounce Religion, Depart the Abyss


You were on level 1 of the Dungeon.
You worshipped Lugonu.
Lugonu was aware of your devotion.
You visited 1 branch of the dungeon, and saw 1 of its levels.
You visited the Abyss 1 time.

Inventory:

Hand Weapons
 a - a +1 short sword (weapon)
Armour
 b - a +0 leather armour (worn)


   Skills:
 - Level 2.6 Fighting
 + Level 1.7 Short Blades
 - Level 1.5 Armour
 - Level 0.7 Dodging
 + Level 1.7 Invocations


You couldn't memorise any spells.
You didn't know any spells.
Your spell library was empty.

Dungeon Overview and Level Annotations

Branches:
Dungeon (1/15)

Altars:


Innate Abilities, Weirdness & Mutations

You have extremely sharp teeth.
When hurt, damage is shared between your health and your magic reserves.
Your bite disrupts and absorbs the magic of your enemies.
Potions cannot restore your health.


Message History

Found a corrupted altar of Lugonu.
Found a gateway leading out of the Abyss.
There is a gateway leading out of the Abyss here.
You pass through the gate.
Found a club.
There is a staircase leading out of the dungeon here.
There is a fountain of clear blue water here.
There is a fountain of clear blue water here.
There is a fountain of clear blue water here.
Partly explored, can't reach some places.
Partly explored, can't reach some places.
There is a staircase leading out of the dungeon here.
You hit the toadstool. You bite the toadstool.
You destroy the toadstool!
A quokka comes into view.
The quokka closely misses you.
You hit the quokka. Your bite misses the quokka.
The quokka is moderately wounded.
The quokka bites you. x2
You hit the quokka.
The quokka is severely wounded.
The quokka bites you.
You are too injured to fight recklessly!
You are too injured to fight recklessly!
You are too injured to fight recklessly!
You are too injured to fight recklessly!
You hit the quokka but do no damage. You bite the quokka, but do no damage.
The quokka is severely wounded.
The quokka barely misses you.
You closely miss the quokka.
The quokka is severely wounded.
The quokka closely misses you.
You miss the quokka.
The quokka is severely wounded.
The quokka barely misses you. The quokka bites you.
* * * LOW HITPOINT WARNING * * *
You hit the quokka but do no damage. Your bite misses the quokka.
The quokka is severely wounded.
The quokka bites you.
You die...

#.# #.# ####.# ..##.#
#.##.# ..##.# #.
#.##r# #. #.# #.##@#
#. #.# #.##.# #.
##.####.##.### #.#
#............#
#.≈###..##≈#.####.....
##≈♣≈##..#≈P≈..#
###..#
.≈♣⌠♣≈≈≈≈≈P⌠P≈.# .#
..≈♣........≈..#
)..≈...<...≈...#


You could see a quokka.

Vanquished Creatures
  A toadstool (D:1)
1 creature vanquished.

Notes
Turn   | Place    | Note
-------+----------+-------------------------------------------
     0 | Abyss:1  | mainiacjoe the Vine Stalker Abyssal Knight began the quest
                  | for the Orb.
     0 | Abyss:1  | Reached XP level 1. HP: 11/11 MP: 3/3
     9 | D:1      | Escaped the Abyss
    53 | D:1      | Slain by a quokka

Illustrated notes

Levels and vault maps discovered:
D:1:      ldierk_water_garden, layout_loops_ring, shapermc_ecumenical_altar_venn

Action                   || total
-------------------------++-------
Melee: Short sword       ||     7
       Bite              ||     2
Dodge: Dodged            ||     4
